 Dungeon Crawl Stone Soup version 0.28.0 (webtiles) character file.

Game seed: 14283522871644285712

6 adizb the Caller (level 1, 1/7 HPs)
             Began as a Felid Summoner on Feb 4, 2022.
             Quit the game on level 1 of the Dungeon on Feb 7, 2022.
             The game lasted 00:01:52 (156 turns).

adizb the Caller (Felid Summoner)                    Turns: 156, Time: 00:01:53

Health: 1/7        AC:  1    Str:  4    XL:     1   Next: 75%
Magic:  4/4        EV: 17    Int: 16    God:
Gold:   0          SH:  0    Dex: 16    Spells: 3/4 levels left
                                        Lives:  0   Deaths: 0

rFire   . . .      SeeInvis +   (weapon unavailable)
rCold   . . .      Faith    .   (shield unavailable)
rNeg    . . .      Spirit   .   (armour unavailable)
rPois   .          Reflect  .   (helmet unavailable)
rElec   .          Harm     .   (cloak unavailable)
rCorr   .          Rampage  .   (gloves unavailable)
Will    .....                   (boots unavailable)
Stlth   ++........              (no amulet)
HPRegen 0.02/turn               (no ring)
MPRegen 0.09/turn               (no ring)

@: quick
A: very small, claws 1, fangs 3, see invisible, speed 1, shaggy fur 1, stealthy
paws, no weapons or thrown items, no armour, multi-lived
a: no special abilities


You were on level 1 of the Dungeon.
You visited 1 branch of the dungeon, and saw 1 of its levels.

You aren't carrying anything.


   Skills:
 * Level 3.0 Dodging
 + Level 2.9 Stealth
 + Level 2.0 Spellcasting
 * Level 4.1 Summonings


You had 3 spell levels left.
You knew the following spells:

 Your Spells              Type           Power      Damage    Failure   Level
a - Summon Small Mammal   Summ           56%        N/A       3%          1

Your spell library contained the following spells:

 Spells                   Type           Power      Damage    Failure   Level
 Call Imp                 Summ           14%        N/A       6%          2
 Call Canine Familiar     Summ           14%        N/A       12%         3
 Summon Guardian Golem    Hex/Summ       8%         N/A       26%         3
 Summon Lightning Spire   Summ/Air       8%         N/A       65%         4


Dungeon Overview and Level Annotations

Branches:
Dungeon (1/15)

Altars:


Innate Abilities, Weirdness & Mutations

You have sharp claws.
You have razor-sharp teeth.
You have supernaturally acute eyesight. (SInv)
You cover ground quickly. (Speed+)
You are covered in fur. (AC +1)
Your paws help you pounce on unaware monsters.
You are incapable of wielding weapons or throwing items.
You cannot wear armour.
You gain extra lives every three experience levels.


Message History

Your rat barely misses the quokka.
Your quokka barely misses the quokka.
The quokka barely misses you.
Your quokka bites the quokka.
Your rat barely misses the quokka.
The quokka bites your quokka.
Your quokka closely misses the quokka.
Your rat bites the quokka but does no damage.
The quokka misses your quokka.
Your quokka completely misses the quokka.
Your rat barely misses the quokka.
The quokka closely misses your quokka.
Your quokka bites the quokka.
The quokka dies!
You swap places.
You see here a quokka corpse.
You swap places.
A dart slug comes into view.
Found 2 gold pieces.
You swap places.
You swap places.
You see here a quokka corpse.
What are your orders? t - Meow!
Orders for allies: a - Attack new target. r - Retreat! s - Stop attacking. g - Guard the area. f - Follow me.
Anything else - Cancel.
Gang up on whom?
Press: ? - help, Dir - move target, f - dart slug
Aim: a dart slug Attack!
Your quokka bites the dart slug.
Your quokka bites the dart slug.
The dart slug bites your quokka.
Your quokka bites the dart slug.
The dart slug dies!
Your Dodging skill increases to level 3!
Unknown command.
Saving game... please wait.
Welcome back, adizb the Felid Summoner.
Press ? for a list of commands and other information.
Unknown command.
Are you sure you want to abandon this character and quit the game? (Confirm with "yes".)

.# #.<................#.# .#
#.........########...# .#
########### ###.# .# #.# .#
#.# .# ###### #.# .# #....#
#†#
.#############....########.#
...............†@..........#
.#############....##########
.# #..r.# .. #....# .#
###.#r# ## ...#†#
#.#.#.####### ...#.......w.$
### ###.#######


You could see a friendly quokka (summoned) and a friendly rat (summoned).

Vanquished Creatures
  2 bats (D:1)
  A rat (D:1)
3 creatures vanquished.

Vanquished Creatures (collateral kills)
  A dart slug (D:1)
  A quokka (D:1)
2 creatures vanquished.

Grand Total: 5 creatures vanquished

Notes
Turn   | Place    | Note
-------+----------+-------------------------------------------
     0 | D:1      | adizb the Felid Summoner began the quest for the Orb.
     0 | D:1      | Reached XP level 1. HP: 7/7 MP: 4/4
   156 | D:1      | Quit the game

Illustrated notes

Levels and vault maps discovered:
D:1:      elethiomel_arrival_shortcut, layout_basic,
          chequers_ecumenical_altar_grove, nicolae_figureground_sparkle

Skill      XL: |  1 |
---------------+----+-----
Dodging        | 3 |  3.0
Stealth        | |  2.9
Spellcasting   | |  2.0
Summonings     | |  4.1

Action                   || total
-------------------------++-------
Melee: Unarmed           ||    10
 Cast: Summon Small Mamm ||     7
 Stab: Sleeping          ||     2
Armor: Skin              ||     1
Dodge: Dodged            ||    11
